 Dungeon Crawl Stone Soup version 0.30-a0-939-gc8157cb160 (webtiles) character file.

Game seed: 7004944033987364379

360 Zonian the Sneak (level 6, -6/28 (30) HPs)
             Began as a Vine Stalker Gladiator on Mar 25, 2023.
             Mangled by a wight
             ... wielding a +5 battleaxe of freezing
              (10 damage)
             ... on level 5 of the Dungeon.
             The game lasted 00:09:41 (3114 turns).

Zonian the Sneak (Vine Stalker Gladiator)           Turns: 3114, Time: 00:09:42

HP:   -6/28 (30)    AC:  5    Str: 18    XL:     6   Next: 65%
MP:   0/7           EV: 12    Int:  8    God:
Gold: 138           SH:  0    Dex: 16    Spells: 5/5 levels left

rFire   x . .      SeeInvis .      - Unarmed
rCold   + . .      Faith    .    (no shield)
rNeg    . . .      Spirit   +    a - +0 leather armour
rPois   .          Reflect  .    b - +0 helmet
rElec   .          Rampage  .    (no cloak)
rCorr   .                        j - +0 pair of gloves
Will    .....                    (no boots)
Stlth   +++                      (no amulet)
HPRegen 1.04/turn                i - ring of ice
MPRegen 0.10/turn                (no ring)

@: drained
A: fangs 2, regeneration 1, magic shield, antimagic bite, no potion heal 2
a: no special abilities


You were on level 5 of the Dungeon.
You visited 1 branch of the dungeon, and saw 5 of its levels.

You collected 208 gold pieces.
You spent 70 gold pieces at shops.

Inventory:

Hand Weapons
 n - a +2 vampiric whip
Missiles
 c - a throwing net
 d - a javelin
 f - 5 boomerangs (quivered)
 g - 4 datura-tipped darts
 t - 20 stones
 u - 4 poisoned darts
Armour
 a - a +0 leather armour (worn)
 b - a +0 helmet (worn)
 j - a +0 pair of gloves (worn)
Jewellery
 i - a ring of ice (left hand)
Wands
 e - a wand of polymorph (8)
 l - a wand of charming (7)
Scrolls
 m - a scroll of teleportation {unknown}
 r - 4 scrolls of enchant weapon
 v - a scroll of blinking
Potions
 h - 2 potions of attraction
 k - 3 potions of curing
 p - a potion of flight
 q - a potion of brilliance
 s - a potion of might
 w - a potion of berserk rage {unknown}


   Skills:
 - Level 1.8 Fighting
 - Level 1.8 Throwing
 - Level 2.4 Dodging
 + Level 5.7 Stealth
 + Level 5.4 Unarmed Combat


You had 5 spell levels left.
You didn't know any spells.
Your spell library contained the following spells:

 Spells                   Type           Power      Damage    Failure   Level
 Magic Dart               Conj           0%         1d3       45%         1
 Scorch                   Fire           0%         2d5       61%         2
 Searing Ray              Conj           0%         2d4       61%         2
 Flame Wave               Conj/Fire      0%         2d4       99%         4
 Fulminant Prism          Conj/Hex       0%         3d5       99%         4
 Summon Lightning Spire   Summ/Air       0%         N/A       99%         4
 Freezing Cloud           Conj/Ice/Air   0%         6-21      100%        5
 Simulacrum               Ice/Necr       0%         N/A       100%        6
 Summon Cactus Giant      Summ           0%         N/A       100%        6
 Storm Form               Tmut/Air       0%         N/A       100%        7
 Maxwell's Capacitive Co  Air            0%         ∞         100%        8
 Polar Vortex             Ice            0%         N/A       100%        9


Dungeon Overview and Level Annotations

Branches:
Dungeon (5/15)
 Temple: D:4-7

Altars:

Shops:
D:2 !

Annotations:
D:4 Dowan, Duvessa


Innate Abilities, Weirdness & Mutations

You have extremely sharp teeth.
Your natural rate of healing is unusually fast.
When hurt, damage is shared between your health and your magic reserves.
Your bite disrupts and absorbs the magic of your enemies.
Potions cannot restore your health.


Message History

The boomerang hits the wight but does no damage.
The wight is lightly damaged.
The wight hits you with a +3 hand axe.
You hit the wight but do no damage.
The wight is lightly damaged.
The wight hits you with a +3 hand axe.
You feel drained.
You hit the wight. You bite the wight. You drain its power.
You feel invigorated.
The wight is lightly damaged.
The wight hits you with a +3 hand axe.
You feel drained.
You punch the wight! You punch the wight, but do no damage.
Your bite misses the wight.
The wight is severely damaged.
The wight closely misses you.
You punch the wight!
You destroy the wight!
Your life force feels restored.
Unknown command.
You throw a boomerang. The boomerang barely misses the wight.
The wight barely misses you.
Unknown command.
You hit the wight.
The wight is lightly damaged.
The wight hits you with a +5 battleaxe of freezing!
The wight freezes you.
* * * LOW HITPOINT WARNING * * *
You hit the wight but do no damage. You bite the wight, but do no damage.
The wight is lightly damaged.
You hit the wight. You bite the wight. You drain its power.
You feel invigorated.
The wight is heavily damaged.
The wight hits you with a +5 battleaxe of freezing!
* * * LOW HITPOINT WARNING * * *
You feel drained.
* * * LOW HITPOINT WARNING * * *
You hit the wight. You punch the wight, but do no damage. You bite the wight.
You drain its power.
You feel invigorated.
The wight is severely damaged.
The wight hits you with a +5 battleaxe of freezing!
You die...

.................
.............####
#..........#.#
###########.#
###..)...# #
##...###### .###.
#..###
z.....#######.##
#....z@....#
##.####..### #
#..# #..# ....
... .##... .. ..
##### .. .# .


You could see a wight.

Vanquished Creatures
  A wight (D:5)
  A jelly (D:4)
  An orc priest (D:4)
  A hound (D:5)
  3 orc wizards
  5 adders
  4 worms
  3 dart slugs
  11 orcs
  5 endoplasms
  3 giant cockroaches
  8 goblins
  12 hobgoblins
  4 jackals
  A quokka (D:4)
  10 ball pythons
  2 bats
  4 frilled lizards
  3 kobolds
  2 rats
84 creatures vanquished.

Notes
Turn   | Place    | Note
-------+----------+-------------------------------------------
     0 | D:1      | Zonian the Vine Stalker Gladiator began the quest for the
                  | Orb.
     0 | D:1      | Reached XP level 1. HP: 11/11 MP: 2/2
   131 | D:1      | Reached XP level 2. HP: 15/15 MP: 3/3
   148 | D:1      | Reached skill level 1 in Stealth
   457 | D:2      | Reached XP level 3. HP: 8/18 MP: 2/4
   947 | D:2      | Gained mutation: Your natural rate of healing is unusually
                  | fast. [Vine Stalker growth]
   947 | D:2      | Reached XP level 4. HP: 23/23 MP: 5/5
  1370 | D:2      | Found Venaaklu's Distillery.
  1381 | D:2      | Bought a potion of curing for 30 gold pieces
  1381 | D:2      | Bought a potion of might for 40 gold pieces
  1594 | D:3      | Reached XP level 5. HP: 26/26 MP: 6/6
  2490 | D:4      | Reached skill level 5 in Stealth
  2490 | D:4      | Reached skill level 5 in Unarmed Combat
  2490 | D:4      | Reached XP level 6. HP: 29/30 MP: 7/7
  2922 | D:4      | Noticed Duvessa
  2922 | D:4      | Noticed Dowan
  3000 | D:5      | Entered Level 5 of the Dungeon
  3000 | D:5      | Noticed a steam dragon
  3000 | D:5      | Noticed a black bear
  3114 | D:5      | Mangled by a wight

Illustrated notes

Levels and vault maps discovered:
D:1:      dpeg_arrival_tiny_d, layout_rooms, hex_large, nrook_campfire,
          minmay_misc_feat_five, st_stairs_7
D:2:      layout_basic, serial_shops, nicolae_lakefront_shop,
          wad_floor_pattern_2, minmay_misc_feat_rows
D:3:      layout_basic
D:4:      dreamdust_elfheim, layout_basic
D:5:      layout_rooms

Skill      XL: |  1  2  3  4  5 |
---------------+----------------+-----
Stealth        | 2 3 5 |  5.7
Unarmed Combat | 4 5 |  5.4
Fighting       | |  1.8
Throwing       | |  1.8
Dodging        | |  2.4

Action                     |  1- 3 |  4- 6 || total
---------------------------+-------+-------++-------
  Melee: Unarmed           |    72 |   168 ||   240
         Bite              |    17 |    43 ||    60
         Punch             |       |     4 ||     4
  Throw: Boomerang         |     7 |    35 ||    42
         Stone             |     4 |       ||     4
         Throwing net      |     2 |       ||     2
    Use: Scroll            |       |    11 ||    11
         Potion            |       |     2 ||     2
   Stab: Sleeping          |     1 |     3 ||     4
 Armour: Leather armour    |    16 |    36 ||    52
  Dodge: Dodged            |    33 |    70 ||   103

Table legend: (Time is in decaauts)
 A = Elapsed time spent in this place.
 B = Non-inter-level travel time spent in this place.
 C = Inter-level travel time spent in this place.
 D = Time resting spent in this place.
 E = Time spent auto-exploring this place.
 F = Levels seen in this place.
 G = Mean time per level.
                   A        B        C        D        E       F      G
               +--------+--------+--------+--------+--------+-----+--------+
         Total |   3102 |   3033 |     69 |    390 |   1617 |   5 |  620.4 |
       Dungeon |   3102 |   3033 |     69 |    390 |   1617 |   5 |  620.4 |
               +--------+--------+--------+--------+--------+-----+--------+

Top non-repeatable levels by time:
     D:2: 1004 daAuts
     D:3: 832 daAuts
     D:4: 743 daAuts
     D:1: 436 daAuts
     D:5: 85 daAuts
